| TOP OF THE 1ST |
|
University of Toronto Marlies batting - Pitching for Vanderbilt University Commodores : RHP Brad Nathan
|
|
Pitching: RHP Brad Nathan
|
|
|
Batting: SHB Jose Melendez
|
0-0: Foul Ball, location: 2F 0-1: SINGLE (Flyball, 5D, EV 86.2 MPH)
|
|
Batting: RHB Akichika Yamano
|
0-0: Ball Jose Melendez steals 2nd base 1-0: Called Strike 1-1: Ball 2-1: Foul Ball, location: 2F 2-2: Foul Ball, location: 2F 2-2: Fly out, F7 (Flyball, 7D, EV 92.5 MPH)
|
|
Batting: SHB Jack Tierney
|
0-0: Called Strike 0-1: Foul Ball, location: 2F 0-2: Ball 1-2: Foul Ball, location: 2F 1-2: Foul Ball, location: 2F 1-2: Hit by Pitch
|
|
Batting: RHB Zion Jones
|
0-0: Swinging Strike 0-1: Ball 1-1: Foul Ball, location: 2F 1-2: Foul Ball, location: 2F 1-2: Strikes out swinging
|
|
Batting: LHB Efrem Isaev
|
0-0: Ball 1-0: Foul Ball, location: 2F 1-1: Ball 2-1: Swinging Strike 2-2: Foul Ball, location: 2F 2-2: Ground out 4-3 (Groundball, 4, EV 78.1 MPH)
|
| Top of the 1st over - 0 runs, 1 hit, 0 errors, 2 left on base; University of Toronto 0 - Vanderbilt University 0 |
| BOTTOM OF THE 1ST |
|
Vanderbilt University Commodores batting - Pitching for University of Toronto Marlies : RHP Robert Mccabe
|
|
Pitching: RHP Robert Mccabe
|
|
|
Batting: LHB Nate Greening
|
0-0: Ball 1-0: Called Strike 1-1: Ground out 6-3 (Groundball, 6, EV 90.6 MPH)
|
|
Batting: RHB Gary Smith
|
0-0: Ball 1-0: Called Strike 1-1: Ball 2-1: Foul Ball, location: 2F 2-2: Ball 3-2: SINGLE (Groundball, 6MD, EV 104.4 MPH)
|
|
Batting: RHB Luis Jara
|
0-0: Called Strike 0-1: Ball 1-1: Swinging Strike 1-2: Ball 2-2: Ball 3-2: SINGLE (Groundball, 34D, EV 104.4 MPH) Gary Smith to second Runner from 2nd tries for 3rd, SAFE, throw by RF made to third
|
|
Batting: LHB Pete Mitchell
|
0-0: Ball Luis Jara steals 2nd base 1-0: Ball 2-0: Ball 3-0: Base on Balls
|
|
Batting: LHB Jose Diaz
|
0-0: Foul Ball, location: 2F 0-1: Fly out, F9 (Flyball, 9, EV 84.4 MPH) Runner from 3rd tags up, SCORES, throw by RF
|
|
Batting: RHB Pakiana Kileona
|
0-0: Ball 1-0: Foul Ball, location: 2F 1-1: Called Strike 1-2: Foul Ball, location: 2F 1-2: Ball 2-2: Fly out, F7 (Flyball, 7, EV 90.0 MPH)
|
| Bottom of the 1st over - 1 run, 2 hits, 0 errors, 2 left on base; University of Toronto 0 - Vanderbilt University 1 |
| TOP OF THE 2ND |
|
University of Toronto Marlies batting - Pitching for Vanderbilt University Commodores : RHP Brad Nathan
|
|
Batting: RHB Frank Pena
|
0-0: Bunt for hit to 13 - play at first, batter OUT! 1-3
|
|
Batting: RHB Elmar Adenauer
|
0-0: Foul Ball, location: 2F 0-1: Called Strike 0-2: Ball 1-2: Ball 2-2: Ball 3-2: SINGLE (Flyball, 9LS, EV 91.2 MPH)
|
|
Batting: RHB Jeff McClellan
|
0-0: Foul Ball, location: 2F 0-1: Called Strike Elmar Adenauer steals 2nd base 0-2: Foul Ball, location: 2F 0-2: Ball 1-2: Ground out 6-3 (Groundball, 6, EV 81.2 MPH)
|
|
Batting: RHB Alex Gonzalez
|
0-0: Ball 1-0: Foul Ball, location: 2F 1-1: Fly out, F9 (Flyball, 9D, EV 86.9 MPH)
|
| Top of the 2nd over - 0 runs, 1 hit, 0 errors, 1 left on base; University of Toronto 0 - Vanderbilt University 1 |
| BOTTOM OF THE 2ND |
|
Vanderbilt University Commodores batting - Pitching for University of Toronto Marlies : RHP Robert Mccabe
|
|
Batting: LHB Mario Garza
|
0-0: Ball 1-0: Fly out, F9 (Flyball, 9D, EV 84.4 MPH)
|
|
Batting: LHB Abdul-Hakim Jibril
|
0-0: Called Strike 0-1: Ball 1-1: Swinging Strike 1-2: DOUBLE (Line Drive, 89D, EV 113.1 MPH)
|
|
Batting: SHB Felipe Campanella
|
0-0: Called Strike 0-1: Ball 1-1: Ball 2-1: Ball 3-1: Ground out 4-3 (Groundball, 4, EV 79.4 MPH) Abdul-Hakim Jibril to third
|
|
Batting: LHB Nate Greening
|
0-0: Ball 1-0: Foul Ball, location: 2F 1-1: Foul Ball, location: 2F 1-2: Ball 2-2: Foul Ball, location: 2F 2-2: SINGLE (Groundball, 5S, EV 68.1 MPH) (infield hit) Abdul-Hakim Jibril scores
|
|
Batting: RHB Gary Smith
|
0-0: Ball 1-0: Ball 2-0: Foul Ball, location: 2F 2-1: Ball 3-1: Ground out 4-3 (Groundball, 4, EV 81.2 MPH)
|
| Bottom of the 2nd over - 1 run, 2 hits, 0 errors, 1 left on base; University of Toronto 0 - Vanderbilt University 2 |
| TOP OF THE 3RD |
|
University of Toronto Marlies batting - Pitching for Vanderbilt University Commodores : RHP Brad Nathan
|
|
Batting: SHB Jose Melendez
|
0-0: Swinging Strike 0-1: Swinging Strike 0-2: Ball 1-2: Ball 2-2: Foul Ball, location: 2F 2-2: DOUBLE (Flyball, 89D, EV 100.6 MPH)
|
|
Batting: RHB Akichika Yamano
|
0-0: Ball 1-0: Called Strike 1-1: Foul Ball, location: 2F 1-2: Ball 2-2: Fly out, F8 (Flyball, 89D, EV 98.8 MPH) Runner from 2nd tags up, SAFE at 3rd, no throw by CF
|
|
Batting: SHB Jack Tierney
|
0-0: Foul Ball, location: 2F 0-1: Ball 1-1: Ball 2-1: Foul Ball, location: 2F 2-2: Foul Ball, location: 2F 2-2: SINGLE (Flyball, 3D, EV 93.8 MPH) Jose Melendez scores
|
|
Batting: RHB Zion Jones
|
0-0: Ball 1-0: Swinging Strike 1-1: Fly out, F8 (Flyball, 89D, EV 90.6 MPH)
|
|
Batting: LHB Efrem Isaev
|
0-0: Ball Jack Tierney is caught stealing 2nd base 2-6
|
| Top of the 3rd over - 1 run, 2 hits, 0 errors, 0 left on base; University of Toronto 1 - Vanderbilt University 2 |
| BOTTOM OF THE 3RD |
|
Vanderbilt University Commodores batting - Pitching for University of Toronto Marlies : RHP Robert Mccabe
|
|
Batting: RHB Luis Jara
|
0-0: Foul Ball, location: 2F 0-1: Ball 1-1: Ball 2-1: Ball 3-1: Called Strike 3-2: Base on Balls
|
|
Batting: LHB Pete Mitchell
|
0-0: Ball 1-0: Ball 2-0: Called Strike 2-1: Fly out, F7 (Flyball, 7, EV 78.1 MPH)
|
|
Batting: LHB Jose Diaz
|
0-0: Ball 1-0: Ball 2-0: Ball 3-0: Called Strike 3-1: Foul Ball, location: 2F 3-2: Foul Ball, location: 2F 3-2: Grounds into double play, 3-6-1 (Groundball, 3, EV 110.6 MPH)
|
| Bottom of the 3rd over - 0 runs, 0 hits, 0 errors, 0 left on base; University of Toronto 1 - Vanderbilt University 2 |
| TOP OF THE 4TH |
|
University of Toronto Marlies batting - Pitching for Vanderbilt University Commodores : RHP Brad Nathan
|
|
Batting: LHB Efrem Isaev
|
0-0: Called Strike 0-1: Ball 1-1: Foul Ball, location: 2F 1-2: Foul Ball, location: 2F 1-2: Ball 2-2: SINGLE (Flyball, 5D, EV 96.9 MPH)
|
|
Batting: RHB Frank Pena
|
0-0: Ball 1-0: Called Strike Efrem Isaev steals 2nd base 1-1: Ball 2-1: Ball 3-1: SINGLE (Flyball, 6MD, EV 83.1 MPH) Efrem Isaev to third
|
|
Batting: RHB Elmar Adenauer
|
0-0: Ball 1-0: Called Strike 1-1: Called Strike 1-2: Ball 2-2: Foul Ball, location: 2F 2-2: Foul Ball, location: 2F 2-2: Ball 3-2: Foul Ball, location: 2F 3-2: Fly out, F6 (Line Drive, 6, EV 70.6 MPH)
|
|
Pitching: LHP Norm Franklin
|
|
|
Batting: RHB Jeff McClellan
|
0-0: Ball 1-0: Ball 2-0: Called Strike 2-1: Ball 3-1: Foul Ball, location: 2F 3-2: Foul Ball, location: 2F 3-2: Fly out, F8 (Flyball, 89M, EV 96.9 MPH) Runner from 3rd tags up, SCORES, throw by CF
|
|
Batting: RHB Alex Gonzalez
|
0-0: Ball Frank Pena steals 2nd base 1-0: Ball 2-0: Called Strike 2-1: Ball 3-1: Foul Ball, location: 2F 3-2: Strikes out swinging
|
| Top of the 4th over - 1 run, 2 hits, 0 errors, 1 left on base; University of Toronto 2 - Vanderbilt University 2 |
| BOTTOM OF THE 4TH |
|
Vanderbilt University Commodores batting - Pitching for University of Toronto Marlies : RHP Robert Mccabe
|
|
Batting: RHB Pakiana Kileona
|
0-0: Called Strike 0-1: Swinging Strike 0-2: Ball 1-2: Ball 2-2: Foul Ball, location: 2F 2-2: Foul Ball, location: 2F 2-2: Foul Ball, location: 2F 2-2: Ball 3-2: Base on Balls
|
|
Pitching: RHP Kevin Knickle
|
|
|
Batting: LHB Mario Garza
|
0-0: Ball 1-0: Ball 2-0: SINGLE (Flyball, 78S, EV 95.0 MPH) Pakiana Kileona to second
|
|
Batting: LHB Abdul-Hakim Jibril
|
0-0: Ball 1-0: Foul Ball, location: 2F 1-1: Fly out, F7 (Flyball, 7LD, EV 100.6 MPH) Runner from 2nd tags up, SAFE at 3rd with throw by LF
|
|
Pinch Hitting: RHB Edwin Sierra
|
0-0: Called Strike 0-1: Called Strike 0-2: Ball 1-2: Grounds into double play, 6-4-3 (Groundball, 6, EV 98.1 MPH)
|
| Bottom of the 4th over - 0 runs, 1 hit, 0 errors, 1 left on base; University of Toronto 2 - Vanderbilt University 2 |
| TOP OF THE 5TH |
|
University of Toronto Marlies batting - Pitching for Vanderbilt University Commodores : LHP Norm Franklin
|
|
Now at 3B: Edwin Sierra
|
|
|
Batting: SHB Jose Melendez
|
0-0: Ground out 4-3 (Groundball, 4S, EV 84.4 MPH)
|
|
Batting: RHB Akichika Yamano
|
0-0: Called Strike 0-1: Ball 1-1: Ball 2-1: Foul Ball, location: 2F 2-2: Ball 3-2: Foul Ball, location: 2F 3-2: Foul Ball, location: 2F 3-2: Fly out, F8 (Flyball, 89S, EV 80.0 MPH)
|
|
Batting: SHB Jack Tierney
|
0-0: Called Strike 0-1: Foul Ball, location: 2F 0-2: Ball 1-2: Fly out, F7 (Flyball, 78D, EV 100.6 MPH)
|
| Top of the 5th over - 0 runs, 0 hits, 0 errors, 0 left on base; University of Toronto 2 - Vanderbilt University 2 |
| BOTTOM OF THE 5TH |
|
Vanderbilt University Commodores batting - Pitching for University of Toronto Marlies : RHP Kevin Knickle
|
|
Batting: LHB Nate Greening
|
0-0: Ball 1-0: Foul Ball, location: 2F 1-1: Ball 2-1: Foul Ball, location: 2F 2-2: Foul Ball, location: 2F 2-2: Ball 3-2: Foul Ball, location: 2F 3-2: SINGLE (Groundball, P, EV 79.4 MPH) (infield hit)
|
|
Batting: RHB Gary Smith
|
0-0: Called Strike 0-1: Ball 1-1: Foul Ball, location: 2F 1-2: Ball 2-2: Fly out, F8 (Flyball, 89M, EV 96.9 MPH)
|
|
Batting: RHB Luis Jara
|
0-0: Called Strike 0-1: Called Strike 0-2: Foul Ball, location: 2F 0-2: Ball 1-2: Foul Ball, location: 2F 1-2: Ball 2-2: DOUBLE (Line Drive, 78D, EV 106.9 MPH) Nate Greening to third Runner from 3rd tries for Home, SAFE, no throw by CF
|
|
Batting: LHB Pete Mitchell
|
0-0: Ball 1-0: Swinging Strike 1-1: Ball 2-1: Ball 3-1: Base on Balls
|
|
Batting: LHB Jose Diaz
|
0-0: Called Strike 0-1: Grounds into double play, 4-6-3 (Groundball, 4, EV 78.1 MPH)
|
| Bottom of the 5th over - 1 run, 2 hits, 0 errors, 1 left on base; University of Toronto 2 - Vanderbilt University 3 |
| TOP OF THE 6TH |
|
University of Toronto Marlies batting - Pitching for Vanderbilt University Commodores : LHP Norm Franklin
|
|
Batting: RHB Zion Jones
|
0-0: Ball 1-0: Fly out, F6 (Popup, P, EV 86.9 MPH)
|
|
Batting: LHB Efrem Isaev
|
0-0: Called Strike 0-1: Ball 1-1: Ball 2-1: Foul Ball, location: 2F 2-2: Foul Ball, location: 2F 2-2: SINGLE (Flyball, 56D, EV 97.5 MPH)
|
|
Pitching: LHP Ron Rubino
|
|
|
Batting: RHB Frank Pena
|
0-0: Called Strike 0-1: Foul Ball, location: 2F 0-2: Fielders Choice at 2nd, 1-4 (Groundball, 15S, EV 66.2 MPH)
|
|
Batting: RHB Elmar Adenauer
|
0-0: Called Strike 0-1: Foul Ball, location: 2F 0-2: Foul Ball, location: 2F 0-2: Foul Ball, location: 2F 0-2: Ball Frank Pena is caught stealing 2nd base 2-4
|
| Top of the 6th over - 0 runs, 1 hit, 0 errors, 0 left on base; University of Toronto 2 - Vanderbilt University 3 |
| BOTTOM OF THE 6TH |
|
Vanderbilt University Commodores batting - Pitching for University of Toronto Marlies : RHP Kevin Knickle
|
|
Batting: RHB Pakiana Kileona
|
0-0: Ball 1-0: Ball 2-0: Called Strike 2-1: Foul Ball, location: 2F 2-2: Ball 3-2: Base on Balls
|
|
Pitching: RHP Corey Adkins
|
|
|
Batting: LHB Mario Garza
|
0-0: Fly out, F9 (Flyball, 89M, EV 88.8 MPH)
|
|
Batting: LHB Abdul-Hakim Jibril
|
0-0: Ball 1-0: Foul Ball, location: 2F 1-1: Fly out, F2 (Popup, 2LF, EV 93.8 MPH)
|
|
Batting: RHB Edwin Sierra
|
0-0: Called Strike 0-1: Ball 1-1: Called Strike 1-2: Ball Wild Pitch! Pakiana Kileona to second 2-2: Foul Ball, location: 2F 2-2: Foul Ball, location: 2F 2-2: Foul Ball, location: 2F 2-2: Strikes out swinging
|
| Bottom of the 6th over - 0 runs, 0 hits, 0 errors, 1 left on base; University of Toronto 2 - Vanderbilt University 3 |
| TOP OF THE 7TH |
|
University of Toronto Marlies batting - Pitching for Vanderbilt University Commodores : LHP Ron Rubino
|
|
Batting: RHB Elmar Adenauer
|
0-0: Foul Ball, location: 2F 0-1: Ball 1-1: Swinging Strike 1-2: Strikes out swinging
|
|
Batting: RHB Jeff McClellan
|
0-0: Called Strike 0-1: Ball 1-1: Foul Ball, location: 2F 1-2: Ball 2-2: Foul Ball, location: 2F 2-2: Ground out 5-3 (Groundball, 56S, EV 88.8 MPH)
|
|
Batting: RHB Alex Gonzalez
|
0-0: Called Strike 0-1: Called Strike 0-2: Strikes out looking
|
| Top of the 7th over - 0 runs, 0 hits, 0 errors, 0 left on base; University of Toronto 2 - Vanderbilt University 3 |
| BOTTOM OF THE 7TH |
|
Vanderbilt University Commodores batting - Pitching for University of Toronto Marlies : RHP Corey Adkins
|
|
Batting: LHB Nate Greening
|
0-0: Ball 1-0: Swinging Strike 1-1: Ball 2-1: Foul Ball, location: 2F 2-2: Hit by Pitch
|
|
Batting: RHB Gary Smith
|
0-0: Ball 1-0: Ball 2-0: Ball 3-0: Hit by Pitch Nate Greening to second
|
|
Batting: RHB Luis Jara
|
0-0: Foul Ball, location: 2F 0-1: Grounds into double play, 6-4-3 (Groundball, 6, EV 98.1 MPH) Nate Greening to third
|
|
Batting: LHB Pete Mitchell
|
0-0: Foul Ball, location: 2F 0-1: SINGLE (Line Drive, 89S, EV 103.1 MPH) Nate Greening scores
|
|
Batting: LHB Jose Diaz
|
0-0: Ball 1-0: Called Strike 1-1: Called Strike 1-2: Ball 2-2: Foul Ball, location: 2F 2-2: 2-RUN HOME RUN (Flyball, 9D, EV 96.2 MPH), Distance : 363 ft
|
|
Pitching: RHP Jose Arredondo
|
|
|
Batting: RHB Pakiana Kileona
|
0-0: DOUBLE (Flyball, 89D, EV 114.4 MPH)
|
|
Batting: LHB Mario Garza
|
0-0: Foul Ball, location: 2F 0-1: Ground out 6-3 (Groundball, 6M, EV 107.5 MPH)
|
| Bottom of the 7th over - 3 runs, 3 hits, 0 errors, 1 left on base; University of Toronto 2 - Vanderbilt University 6 |
| TOP OF THE 8TH |
|
University of Toronto Marlies batting - Pitching for Vanderbilt University Commodores : LHP Ron Rubino
|
|
Batting: SHB Jose Melendez
|
0-0: Foul Ball, location: 2F 0-1: Called Strike 0-2: Ball 1-2: Ball 2-2: Strikes out swinging
|
|
Batting: RHB Akichika Yamano
|
0-0: Ball 1-0: Fly out, F8 (Line Drive, 89M, EV 95.6 MPH)
|
|
Batting: SHB Jack Tierney
|
0-0: Called Strike 0-1: Called Strike 0-2: Strikes out swinging
|
| Top of the 8th over - 0 runs, 0 hits, 0 errors, 0 left on base; University of Toronto 2 - Vanderbilt University 6 |
| BOTTOM OF THE 8TH |
|
Vanderbilt University Commodores batting - Pitching for University of Toronto Marlies : RHP Jose Arredondo
|
|
Batting: LHB Abdul-Hakim Jibril
|
0-0: Fly out, F8 (Flyball, 8LXD, EV 105.0 MPH)
|
|
Batting: RHB Edwin Sierra
|
0-0: SOLO HOME RUN (Flyball, 78XD, EV 100.6 MPH), Distance : 411 ft
|
|
Batting: LHB Nate Greening
|
0-0: Ball 1-0: Foul Ball, location: 2F 1-1: Reached via error on a dropped throw from 1B, E1 (Groundball, 34S, EV 70.6 MPH)
|
|
Batting: RHB Gary Smith
|
0-0: Ball 1-0: Called Strike Nate Greening steals 2nd base (no throw) 1-1: Foul Ball, location: 2F 1-2: SINGLE (Line Drive, 89S, EV 110.6 MPH) Nate Greening to third Runner from 3rd tries for Home, SAFE, throw by RF to home
|
|
Batting: RHB Luis Jara
|
0-0: Fly out, F8 (Flyball, 8LS, EV 82.5 MPH)
|
|
Batting: LHB Pete Mitchell
|
0-0: Ball 1-0: Called Strike 1-1: Ball 2-1: Foul Ball, location: 2F 2-2: Strikes out swinging
|
| Bottom of the 8th over - 2 runs, 2 hits, 1 error, 1 left on base; University of Toronto 2 - Vanderbilt University 8 |
| TOP OF THE 9TH |
|
University of Toronto Marlies batting - Pitching for Vanderbilt University Commodores : LHP Ron Rubino
|
|
Pitching: RHP Milutin Mladjenovic
|
|
|
Pinch Hitting: SHB Shannon Britten
|
0-0: Called Strike 0-1: Ball 1-1: Called Strike 1-2: Strikes out swinging
|
|
Batting: LHB Efrem Isaev
|
0-0: SINGLE (Groundball, 25, EV 68.1 MPH) (infield hit)
|
|
Batting: RHB Frank Pena
|
0-0: Fly out, F9 (Flyball, 9S, EV 87.5 MPH)
|
|
Batting: RHB Elmar Adenauer
|
0-0: Ball 1-0: Foul Ball, location: 2F 1-1: Fly out, F8 (Flyball, 89S, EV 82.5 MPH)
|
| Top of the 9th over - 0 runs, 1 hit, 0 errors, 1 left on base; University of Toronto 2 - Vanderbilt University 8 |
|